 Dungeon Crawl Stone Soup version 0.18.1-8-gdd0e5ea (webtiles) character file.

355 zeroDi the Sneak (level 6, -2/30 HPs)
             Began as a Vine Stalker Assassin on May 21, 2016.
             Slain by a giant frog (5 damage)
             ... on level 5 of the Dungeon.
             The game lasted 00:10:24 (2484 turns).

zeroDi the Sneak (Vine Stalker Assassin)            Turns: 2484, Time: 00:10:25

Health: -2/30      AC:  5    Str: 13    XL:     6   Next: 63%
Magic:  0/7        EV: 11    Int: 11    God:
Gold:   117        SH:  0    Dex: 18    Spells: 0 memorised, 5 levels left

rFire  . . .     SeeInvis .     a - +2 dagger
rCold  . . .     Gourm    .     c - +1 robe
rNeg   . . .     Faith    .     (no shield)
rPois  .         Spirit   +     (no helmet)
rElec  .         Dismiss  .     d - +0 cloak
rCorr  .         Reflect  .     o - +0 pair of gloves (curse)
SustAt .         Harm     .     (no boots)
MR     .....                    (no amulet)
Stlth  +++.......               (no ring)
                                (no ring)

@: not resistant to hostile enchantments, fairly stealthy
A: fangs 2, regeneration 2, magic shield, antimagic bite, no device heal 3, rot
immunity
a: no special abilities


You were on level 5 of the Dungeon.
You were not hungry.

You visited 1 branch of the dungeon, and saw 5 of its levels.

You collected 117 gold pieces.


Innate Abilities, Weirdness & Mutations

You have extremely sharp teeth.
You heal very quickly.
When hurt, damage is shared between your health and your magic reserves.
Your bite disrupts and absorbs the magic of your enemies.
Potions and wands cannot restore your health.
You are immune to rotting.


   Skills:
 - Level 1.7 Fighting
 - Level 5.5 Short Blades
 - Level 1.7 Throwing
 - Level 0.7 Dodging
 * Level 6.3 Stealth


You had 5 spell levels left.
You didn't know any spells.

Inventory:

Hand Weapons
 a - a +2 dagger (weapon)
 b - a +0 blowgun
Missiles
 e - 8 poisoned needles
 f - 2 curare-tipped needles {=f}
 h - 5 needles of sleeping
 l - 57 stones
 u - 5 silver javelins (quivered)
 v - 2 throwing nets {=f}
Armour
 c - a +1 robe (worn)
 d - a +0 cloak (worn)
 o - a cursed +0 pair of gloves (worn)
Jewellery
 r - an uncursed ring of magical power {unknown}
Potions
 j - a potion of berserk rage {unknown}
 m - a potion of cancellation {unknown}
 p - 2 potions of curing {@q1}
 q - a potion of brilliance {unknown}
 t - a potion of agility {unknown}
 x - 3 potions of heal wounds {unknown}
 z - 3 potions of degeneration {unknown}
Comestibles
 g - 3 bread rations
 i - a meat ration

Dungeon Overview and Level Annotations

Branches:
Dungeon (6/15)
 Temple: D:4-7

Altars:
Dithmenos
Gozag
Trog

Annotations:
D:3 1 exclusion, manyhoops's ghost, amateur HOFi

### #.# #.# #.# #..
#.# .# #.# #.# #@#
#.#.# #F# #.#.# #h#
#.#.# #.######.#.#
#..........#
................#
#############...#.#
#...#.# #?#.#.#


You could see a giant frog and a jackal.


Message History

A gnoll comes into view. It is wielding a spear.
The giant frog barely misses you.
A gnoll comes into view. It is wielding a spear.
The giant frog closely misses you.
A crimson imp comes into view.
The giant frog barely misses you. The giant frog closely misses you.
The giant frog closely misses you.
Found a scroll of noise and a smoky orange potion.
The crimson imp hits you. The giant frog hits you.
* * * LOW HITPOINT WARNING * * *
The giant frog hits you.
* * * LOW HITPOINT WARNING * * *
The giant frog hits you.
* * * LOW HITPOINT WARNING * * *
The crimson imp blinks!
The giant frog hits you.
* * * LOW HITPOINT WARNING * * *
The giant frog hits you.
You die...

Action                   |  1- 3 |  4- 6 || total
-------------------------+-------+-------++-------
Melee: Dagger            |    81 |   168 ||   249
       Bite              |    17 |    51 ||    68
 Fire: Blowgun           |       |     1 ||     1
Throw: Javelin           |     7 |    16 ||    23
       Stone             |       |     4 ||     4
  Use: Scroll            |       |     8 ||     8
 Stab: Sleeping          |     7 |    12 ||    19
  Eat: Chunk             |       |     5 ||     5
Armor: Robe              |    12 |    36 ||    48
Dodge: Dodged            |    38 |    93 ||   131

Vault maps used:
D:1:      matt_arrival_diagonals
D:2:      grunt_gozag_statues, tgw_trog, first_bread, minmay_snake_closets
D:5:      minmay_temple_entry_statues_fountains, st_stairs_3,
          hangedman_decor_riveting
D:6:      nicolae_dithmenos_the_darkroom, gammafunk_temple_overflow_forgotten

Notes
Turn   | Place    | Note
--------------------------------------------------------------
     0 | D:1      | zeroDi the Vine Stalker Assassin began the quest for the Orb.
     0 | D:1      | Reached XP level 1. HP: 11/11 MP: 2/2
    48 | D:1      | Reached skill level 2 in Short Blades
    84 | D:1      | Reached XP level 2. HP: 15/15 MP: 3/3
   571 | D:1      | Reached skill level 3 in Short Blades
   581 | D:1      | Reached XP level 3. HP: 18/18 MP: 4/4
  1057 | D:2      | Reached XP level 4. HP: 23/23 MP: 2/5
  1145 | D:2      | Found an opulent altar of Gozag.
  1338 | D:2      | Reached skill level 4 in Short Blades
  1366 | D:2      | Noticed a moth of wrath
  1369 | D:2      | Found a bloodstained altar of Trog.
  1578 | D:2      | Reached XP level 5. HP: 21/26 MP: 6/6
  1753 | D:3      | Noticed manyhoops's ghost (amateur HOFi)
  1796 | D:2      | Reached skill level 5 in Short Blades
  1911 | D:3      | Gained mutation: You heal very quickly. [Vine Stalker growth]
  1911 | D:3      | Reached XP level 6. HP: 19/30 MP: 7/7
  1997 | D:3      | You fall through a shaft for 3 floors!
  2063 | D:6      | Reached skill level 5 in Stealth
  2229 | D:6      | Found a shadowy altar of Dithmenos.
  2234 | D:6      | Noticed a sky beast
  2430 | D:6      | Reached skill level 6 in Stealth
  2433 | D:5      | Entered Level 5 of the Dungeon
  2482 | D:5      | HP: 2/30 [giant frog (3)]
  2484 | D:5      | Slain by a giant frog

Vanquished Creatures
  A scorpion (D:6)
  3 orc priests
  A worker ant (D:6)
  9 adders (D:2)
  3 oozes
  An adder zombie (D:6)
  4 worms (D:2)
  A dart slug (D:2)
  2 giant geckos
  8 orcs
  7 ball pythons
  4 bats
  A giant cockroach (D:1)
  7 goblins
  9 hobgoblins
  2 jackals (D:6)
  11 kobolds
  A quokka (D:3)
  A giant gecko zombie (D:6)
  5 giant newts
  A quokka zombie (D:6)
  7 rats
89 creatures vanquished.
